 Dungeon Crawl Stone Soup version 0.23.2-1-ga50397a (webtiles) character file.

Game seed: 6226254883594132590

17174 eccles the Geomancer (level 12, -11/64 HPs)
             Began as a Gargoyle Earth Elementalist on May 20, 2019.
             Was an Elder of Vehumet.
             Hit by a javelin thrown by a minotaur (22 damage)
             ... in a Gauntlet on May 21, 2019.
             The game lasted 02:13:12 (16569 turns).

eccles the Geomancer (Gargoyle Earth Elementalist) Turns: 16569, Time: 02:13:12

Health: -11/64     AC: 19    Str: 15    XL:     12   Next: 45%
Magic:  21/27      EV: 28    Int: 20    God:    Vehumet [****..]
Gold:   153        SH:  0    Dex: 10    Spells: 11/34 levels left

rFire    . . .     SeeInvis +   a - +3 dagger (venom)
rCold    x . .     Gourm    .   (no shield)
rNeg     + . .     Faith    .   E - +2 leather armour {MR+}
rPois    ∞         Spirit   .   q - +0 mask of the Dragon {MR+ Slay+3 SInv}
rElec    +         Reflect  .   (no cloak)
rCorr    .         Harm     .   o - +1 pair of gloves
MR       +++..     NoTele   +   n - +2 pair of boots
Stlth    ++++......             u - amulet of the acrobat
HPRegen  0.20/turn              H - ring of the Philosopher {rC- MR+ Str+2 Stlth+}
MPRegen  0.20/turn              D - ring of stealth

@: acrobat
A: negative energy resistance 1, electricity resistance, unbreathing,
petrification resistance, rot immunity, AC +8
a: Renounce Religion


You were in a Gauntlet.
You worshipped Vehumet.
Vehumet was greatly pleased with you.
You were hungry.

You visited 3 branches of the dungeon, and saw 14 of its levels.
You also visited: Ossuary and Gauntlet.

You collected 627 gold pieces.
You spent 474 gold pieces at shops.

Inventory:

Hand Weapons
 a - a +3 dagger of venom (weapon)
 b - a +0 shortbow
 y - a +2 dire flail of protection
 F - a +4 long sword of freezing
Missiles
 h - 91 stones
 j - 13 tomahawks (quivered)
 B - 211 arrows
Armour
 f - the +1 plate armour of Loonnio {SInv}
   (You found it in a Gauntlet)

   It lets you see invisible.
 i - the +1 chain mail of Xom's Esteem {Dex+4}
   (You found it in a Gauntlet)

   It affects your dexterity (+4).
 n - a +2 pair of boots (worn)
 o - a +1 pair of gloves (worn)
 q - the +0 mask of the Dragon (worn) {MR+ Slay+3 SInv}
   (You bought it in a shop on level 5 of the Dungeon)

   It affects your accuracy and damage with ranged weapons and melee attacks
   (+3).
   It affects your resistance to hostile enchantments.
   It lets you see invisible.
 E - a +2 leather armour of magic resistance (worn)
 K - a +2 hat
Magical Staves
 L - an uncursed staff of death
 N - an uncursed staff of summoning
Jewellery
 m - an uncursed amulet of rage
 p - an uncursed ring of fire
 u - an amulet of the acrobat (around neck)
 D - a ring of stealth (right hand)
 H - the ring of the Philosopher (left hand) {rC- MR+ Str+2 Stlth+}
   (You found it in a Gauntlet)

   [ring of protection from magic]

   It affects your strength (+2).
   It makes you vulnerable to cold.
   It affects your resistance to hostile enchantments.
   It makes you more stealthy.
 I - an uncursed ring of flight
Wands
 s - a wand of random effects (30)
 w - a wand of polymorph (8)
Scrolls
 l - 3 scrolls of remove curse
 C - 2 scrolls of teleportation
 G - a scroll of fear
Potions
 c - 3 potions of flight
 e - 2 potions of lignification
 g - a potion of mutation
 k - 3 potions of ambrosia
 r - 3 potions of agility
 t - 2 potions of might
 v - 2 potions of brilliance
 x - a potion of haste
 z - 2 potions of curing
 J - a potion of cancellation {unknown}
Miscellaneous
 A - a phial of floods
Comestibles
 d - 18 rations


   Skills:
 + Level 2.9 Fighting
 + Level 3.7 Short Blades
 + Level 1.3 Bows
 + Level 0.5 Throwing
 + Level 3.6 Armour
 + Level 4.7 Dodging
 + Level 4.4 Stealth
 * Level 11.8 Spellcasting
 * Level 4.8 Conjurations
 + Level 0.9 Transmutations
 * Level 4.1 Fire Magic
 + Level 12.8 Earth Magic
 + Level 0.2 Evocations


You had 11 spell levels left.
You knew the following spells:

 Your Spells              Type           Power        Failure   Level  Hunger
a - Sandblast             Erth           ######       1%          1    None
b - Passwall              Tmut/Erth      #####...     1%          2    None
c - Stone Arrow           Conj/Erth      #####.       1%          3    None
d - Lee's Rapid Deconstr  Erth           ######....   1%          5    ####...
e - Petrify               Tmut/Erth      #####...     4%          4    #......
f - Conjure Flame         Conj/Fire      ####....     1%          3    None
g - Bolt of Magma         Conj/Fire/Erth #####.....   2%          5    ####...

Your spell library contained the following spells:

 Spells                   Type           Power        Failure   Level  Hunger
 Animate Skeleton         Necr           N/A          7%          1    None
 Apportation              Tloc           ##....       7%          1    None
 Confusing Touch          Hex            ##....       7%          1    None
 Summon Small Mammal      Summ           ##..         7%          1    None


Dungeon Overview and Level Annotations

Branches:
Dungeon (11/15)            Temple (1/1) D:4            Lair (2/6) D:10
  Snake (0/4) Lair:2
  Swamp: Lair:2-4    Shoals: Lair:2-4       Orc: D:9-12

Altars:
Ashenzari
Cheibriados
Dithmenos
Elyvilon
Fedhas
Gozag
Hepliaklqana
Kikubaaqudgha
Makhleb
Nemelex Xobeh
Okawaru
Qazlal
Ru
Sif Muna
Trog
Uskayaw
Vehumet
Wu Jian
Xom
Yredelemnul
Zin
The Shining One
Beogh

Shops:
D:4 %   D:5 [

Annotations:
D:9 1 runed translucent door, RadicalHijinx's ghost, journeyman OgWz
D:10 !Death KNight and other horrors Gauntlet 10 transporters, 16 runed translucent doors


Innate Abilities, Weirdness & Mutations

You are resistant to torment.
Your stone body is resilient. (AC +8)
You are immune to poison.
You resist negative energy. (rN+)
You are resistant to electric shocks. (rElec)
You can survive without breathing.
You are immune to petrification.
You are immune to rotting.


Message History

The minotaur throws a javelin.
The javelin hits you!
Casting: Petrify (safe; 4% risk of failure)
Confirm with . or Enter, or press ? or * to list all spells.
Aiming: Sandblast (safe; 1% risk of failure)
Press: ? - help, Shift-Dir - straight line, f/p - minotaur
Aim: a minotaur, wielding a +0 hand axe of flaming, wearing the +1 plate armour of the Maze {Int+3 SInv} and wearing a +1 large shield of cold resistance The minotaur blocks the blast of sand.
h - 92 stones The minotaur throws a javelin.
The javelin hits you!!
Casting: Sandblast (safe; 1% risk of failure)
Confirm with . or Enter, or press ? or * to list all spells.
Aiming: Sandblast (safe; 1% risk of failure)
Press: ? - help, Shift-Dir - straight line, f/p - minotaur
Aim: a minotaur, wielding a +0 hand axe of flaming, wearing the +1 plate armour of the Maze {Int+3 SInv} and wearing a +1 large shield of cold resistance The blast of sand hits the minotaur but does no damage.
h - 91 stones The minotaur throws a javelin.
The javelin hits you!!
* * * LOW HITPOINT WARNING * * *
The minotaur throws a javelin.
The javelin hits you!!
You die...

#8#
#§...............
#8# ###
#8.8.8.8.8.8.8.8.
###
#§...............
#####.###.###.###
###.###.###.#
#............
#.###.###.##
#.###.###.###.#
#.....@.......#
#######(######
#.....# ###.###
... ≈H≈ ≈≈≈≈≈
#####


You could see a minotaur.

Vanquished Creatures
  Gastronok (D:8)
  Harold (D:7)
  A thrashing horror (Gauntlet)
  Sonja (Lair:1)
  A sea snake (shapeshifter) (Gauntlet)
  An oklob plant (Lair:1)
  Maurice (D:10)
  Psyche (D:10)
  A gargoyle (D:9)
  A smoke demon (Gauntlet)
  2 freezing wraiths (D:10)
  3 spiny frogs
  2 komodo dragons (Lair:1)
  Prince Ribbit (D:8)
  A hornet (D:7)
  2 hippogriffs (Lair:1)
  A wraith (D:10)
  4 small abominations (Gauntlet)
  A human (D:10)
  6 yaks
  2 wyverns (D:10)
  A hungry ghost (D:10)
  4 hogs (D:10)
  Edmund (D:4)
  4 water moccasins
  A floating eye (shapeshifter) (Gauntlet)
  2 ice beasts
  5 orc warriors
  3 sky beasts
  6 ogres
  A necrophage (D:10)
  2 phantoms
  4 centaurs
  5 crocodiles (Lair:1)
  2 big kobolds
  4 bullfrogs
  A water moccasin zombie (Ossuary)
  4 scorpions
  A killer bee (shapeshifter) (Gauntlet)
  8 wights
  6 howler monkeys
  5 crimson imps
  2 centaur zombies
  10 orc priests
  A hound (shapeshifter) (Gauntlet)
  10 jellies
  A centaur skeleton (D:4)
  9 hounds
  5 iguanas
  Ijyb (D:5)
  Terence (D:3)
  7 orc wizards
  7 worker ants
  A killer bee zombie (D:8)
  5 big kobold zombies (Ossuary)
  2 hound zombies
  2 mummies (Ossuary)
  2 hound skeletons
  4 gnolls (D:4)
  2 howler monkey skeletons
  9 adders
  2 shadow imps
  14 oozes
  2 adder skeletons
  7 adder zombies
  2 worms
  A dart slug (D:5)
  4 leopard geckos
  60 orcs
  4 ball pythons
  10 bats
  9 giant cockroaches
  A gnoll zombie (Ossuary)
  7 goblins
  10 hobgoblins
  3 jackals
  4 quokkas
  6 frilled lizards
  6 hobgoblin zombies (Ossuary)
  23 kobolds
  3 kobold zombies (Ossuary)
  5 orc zombies (Ossuary)
  A quokka skeleton (D:5)
  15 rats
385 creatures vanquished.

Vanquished Creatures (others)
  12 fungi
  7 plants
19 creatures vanquished.

Grand Total: 404 creatures vanquished

Notes
Turn   | Place    | Note
-------+----------+-------------------------------------------
     0 | D:1      | eccles the Gargoyle Earth Elementalist began the quest for
                  | the Orb.
     0 | D:1      | Reached XP level 1. HP: 10/10 MP: 3/3
   269 | D:1      | Reached skill level 4 in Earth Magic
   269 | D:1      | Reached XP level 2. HP: 15/15 MP: 3/5
   403 | D:1      | Learned a level 2 spell: Passwall
   595 | D:1      | Reached XP level 3. HP: 19/19 MP: 6/6
   825 | D:2      | Learned a level 3 spell: Stone Arrow
  1017 | D:2      | Found a faded altar of an unknown god.
  1848 | D:2      | Reached XP level 4. HP: 24/24 MP: 7/7
  2236 | D:3      | Noticed Terence
  2249 | D:3      | Found a hazy altar of Hepliaklqana.
  2262 | D:3      | Killed Terence
  2262 | D:3      | Reached skill level 5 in Earth Magic
  2365 | D:3      | Reached XP level 5. HP: 28/28 MP: 6/9
  2386 | D:3      | Reached skill level 1 in Fighting
  3163 | D:4      | Noticed an ogre
  3170 | D:4      | Noticed a phantom
  3190 | D:3      | Killed an ogre
  3190 | D:3      | Reached skill level 6 in Earth Magic
  3190 | D:3      | Reached XP level 6. HP: 34/34 MP: 10/10
  3233 | D:4      | Killed a phantom
  3233 | D:4      | Reached skill level 1 in Short Blades
  3233 | D:4      | Reached skill level 1 in Armour
  3377 | D:4      | Reached XP level 7. HP: 19/38 MP: 12/12
  3535 | D:4      | Learned a level 5 spell: Lee's Rapid Deconstruction
  3597 | D:4      | Found an opulent altar of Gozag.
  3598 | D:4      | Found a glowing silver altar of Zin.
  3656 | D:4      | Found a glowing golden altar of the Shining One.
  3658 | D:4      | Noticed an angel
  3673 | D:4      | Found a basalt altar of Yredelemnul.
  3675 | D:4      | Noticed a profane servitor
  3710 | D:4      | Noticed Edmund
  3769 | D:4      | Killed Edmund
  4099 | D:4      | Found Sobb's Food Shop.
  4109 | D:4      | Bought a ration for 70 gold pieces
  4109 | D:4      | Bought a ration for 70 gold pieces
  4138 | D:4      | Found a staircase to the Ecumenical Temple.
  4151 | Temple   | Entered the Ecumenical Temple
  4238 | Temple   | Became a worshipper of Vehumet
  4317 | D:4      | Found a burning altar of Makhleb.
  4318 | D:4      | Found a shimmering altar of Xom.
  4435 | D:5      | Entered Level 5 of the Dungeon
  4452 | D:5      | Reached skill level 7 in Earth Magic
  4541 | D:5      | Reached XP level 8. HP: 34/43 MP: 13/15
  4545 | D:5      | Noticed Ijyb
  4576 | D:5      | Reached skill level 5 in Spellcasting
  4578 | D:5      | Killed Ijyb
  4839 | D:5      | Reached skill level 8 in Earth Magic
  5088 | D:5      | Reached * piety under Vehumet
  5088 | D:5      | Offered knowledge of Flame Tongue by Vehumet.
  5314 | D:5      | Reached skill level 1 in Conjurations
  5319 | D:5      | Found Donakefra's Armour Emporium.
  5619 | D:5      | Learned a level 4 spell: Petrify
  6111 | D:5      | Reached XP level 9. HP: 47/48 MP: 16/18
  6234 | D:6      | Reached skill level 9 in Earth Magic
  6855 | D:7      | Reached ** piety under Vehumet
  6855 | D:7      | Offered knowledge of Freeze by Vehumet.
  7064 | D:7      | You fall through a shaft for 2 floors!
  7212 | D:8      | Noticed Prince Ribbit
  7275 | D:8      | Reached skill level 10 in Earth Magic
  7298 | D:8      | Found a sand-covered staircase.
  7304 | Ossuary  | Entered an ossuary
  7449 | Ossuary  | Offered knowledge of Inner Flame by Vehumet.
  7509 | Ossuary  | Reached *** piety under Vehumet
  7673 | D:8      | Reached XP level 10. HP: 53/53 MP: 19/22
  7691 | D:8      | Offered knowledge of Iskenderun's Mystic Blast by Vehumet.
  7746 | D:8      | Found a stormy altar of Qazlal.
  8075 | D:8      | Killed Prince Ribbit
  8167 | D:8      | Reached **** piety under Vehumet
  8209 | D:8      | Reached skill level 11 in Earth Magic
  8225 | D:8      | Offered knowledge of Conjure Flame by Vehumet.
  8242 | D:8      | Found a roughly hewn altar of Beogh.
  8355 | D:8      | Noticed Gastronok
  8370 | D:8      | Killed Gastronok
  8566 | D:8      | Found a deep blue altar of Sif Muna.
  8682 | D:7      | Noticed Harold
  8699 | D:7      | Killed Harold
  8699 | D:7      | Reached skill level 10 in Spellcasting
  8699 | D:7      | Reached skill level 12 in Earth Magic
  8699 | D:7      | Reached XP level 11. HP: 44/57 MP: 9/25
  8935 | D:7      | Learned a level 3 spell: Conjure Flame
  9592 | D:9      | Noticed RadicalHijinx's ghost (journeyman OgWz)
  9593 | D:9      | Found a runed translucent door.
  9972 | D:10     | Entered Level 10 of the Dungeon
 10686 | D:10     | Noticed Psyche
 10691 | D:10     | Killed Psyche
 10831 | D:10     | Noticed Maurice
 10889 | D:10     | Killed Maurice
 11300 | D:10     | Reached skill level 1 in Fire Magic
 11630 | D:10     | Noticed a death knight
 12206 | D:10     | Found a staircase to the Lair.
 12236 | D:10     | Noticed a phantasmal warrior
 12829 | Lair:1   | Entered Level 1 of the Lair of Beasts
 13190 | Lair:1   | Noticed Sonja
 13620 | D:5      | Bought the +0 mask of the Dragon {MR+ Slay+3 SInv} for 334
                  | gold pieces
 13620 | D:5      | Found the +0 mask of the Dragon {MR+ Slay+3 SInv}
 13795 | D:11     | Noticed a cyclops
 14016 | Lair:1   | Reached skill level 1 in Bows
 14289 | Lair:1   | Noticed an oklob plant
 14376 | Lair:1   | Reached ***** piety under Vehumet
 14450 | Lair:1   | Offered knowledge of Bolt of Magma by Vehumet.
 14489 | Lair:1   | Learned a level 5 spell: Bolt of Magma
 14542 | Lair:1   | Killed an oklob plant
 14542 | Lair:1   | Reached XP level 12. HP: 18/64 MP: 21/27
 15060 | Lair:1   | Killed Sonja
 15301 | Lair:2   | Found a gate leading to a gauntlet.
 15311 | Gauntlet | Entered a Gauntlet
 15311 | Gauntlet | Found a transporter.
 15311 | Gauntlet | Found a transporter.
 15317 | Gauntlet | Found a transporter.
 15332 | Gauntlet | Found a transporter.
 15356 | Gauntlet | Found a transporter.
 15358 | Gauntlet | Found a large runed translucent door.
 15359 | Gauntlet | Found a large runed translucent door.
 15360 | Gauntlet | Found a large runed translucent door.
 15360 | Gauntlet | Found a large runed translucent door.
 15360 | Gauntlet | Found a runed translucent door.
 15360 | Gauntlet | Found a runed translucent door.
 15361 | Gauntlet | Found a large runed translucent door.
 15361 | Gauntlet | Found a large runed translucent door.
 15361 | Gauntlet | Found a large runed translucent door.
 15361 | Gauntlet | Found a large runed translucent door.
 15362 | Gauntlet | Found a large runed translucent door.
 15362 | Gauntlet | Found a large runed translucent door.
 15362 | Gauntlet | Found a large runed translucent door.
 15363 | Gauntlet | Found a large runed translucent door.
 15363 | Gauntlet | Found a large runed translucent door.
 15363 | Gauntlet | Found a large runed translucent door.
 15365 | Gauntlet | Found a runed translucent gate.
 15365 | Gauntlet | Found a runed translucent gate.
 15365 | Gauntlet | Found a runed translucent gate.
 15367 | Gauntlet | Found a transporter.
 15377 | Gauntlet | Found a transporter.
 15377 | Gauntlet | Noticed a reaper
 15378 | Gauntlet | Found a transporter.
 15378 | Gauntlet | Found a large runed translucent door.
 15380 | Gauntlet | Found a transporter.
 15390 | Gauntlet | Found a transporter.
 15390 | Gauntlet | Noticed a catoblepas
 15390 | Gauntlet | Noticed a thrashing horror
 15419 | Gauntlet | Found a transporter.
 15430 | Gauntlet | Found a transporter.
 15441 | Gauntlet | Found a transporter.
 15478 | Gauntlet | Found a transporter.
 15491 | Gauntlet | Noticed a wretched star
 15492 | Gauntlet | Found a transporter.
 15607 | Gauntlet | Found the macabre finger necklace {rN+}
 15608 | Gauntlet | Found a large runed translucent door.
 15613 | Gauntlet | Noticed a death ooze
 15628 | Gauntlet | Found a transporter.
 15745 | Gauntlet | Noticed an anaconda
 15959 | Gauntlet | Got a dazzling plate armour
 15970 | Gauntlet | Identified the cursed +1 plate armour of Loonnio {SInv}
                  | (You found it in a Gauntlet)
 16048 | Gauntlet | Got a diamond-studded chain mail
 16161 | Gauntlet | Identified the cursed +1 chain mail of Xom's Esteem {Dex+4}
                  | (You found it in a Gauntlet)
 16228 | Gauntlet | Killed a thrashing horror
 16235 | Gauntlet | Got a glittering bone ring
 16545 | Gauntlet | Identified the ring of the Philosopher {rC- MR+ Str+2
                  | Stlth+} (You found it in a Gauntlet)
 16564 | Gauntlet | Identified the +1 plate armour of the Maze {Int+3 SInv}
 16564 | Gauntlet | Noticed a minotaur
 16569 | Gauntlet | Hit by a javelin thrown by a minotaur

Skill      XL: |  1  2  3  4  5  6  7  8  9 10 11 12 |
---------------+-------------------------------------+-----
Earth Magic    | 4 5 6 7 8 10 12 | 12.8
Fighting       | 1 2 |  2.9
Spellcasting   | 3 4 6 8 10 11 | 11.8
Dodging        | 2 3 4 |  4.7
Stealth        | 3 4 |  4.4
Short Blades   | 1 2 3 |  3.7
Armour         | 1 2 3 |  3.6
Conjurations   | 1 3 4 |  4.8
Fire Magic     | 3 4 |  4.1
Bows           | 1 |  1.3
Throwing       | |  0.5
Transmutations | |  0.9
Evocations     | |  0.2

Action                   |  1- 3 |  4- 6 |  7- 9 | 10-12 || total
-------------------------+-------+-------+-------+-------++-------
Melee: Unarmed           |     2 |       |       |       ||     2
       Dagger            |   123 |   110 |   208 |   468 ||   909
 Fire: Shortbow          |       |       |     7 |    15 ||    22
Throw: Stone             |     5 |       |       |       ||     5
       Tomahawk          |       |     1 |     3 |       ||     4
 Cast: Sandblast         |    36 |    21 |   152 |   137 ||   346
       Passwall          |     2 |       |       |     1 ||     3
       Stone Arrow       |     1 |       |     7 |    84 ||    92
       Petrify           |       |       |     1 |     2 ||     3
       Lee's Rapid Decon |       |       |       |     6 ||     6
       Conjure Flame     |       |       |       |     1 ||     1
Evoke: Wand              |       |       |     4 |     5 ||     9
  Use: Scroll            |       |     8 |    10 |     9 ||    27
       Potion            |       |       |     1 |     9 ||    10
 Stab: Sleeping          |     1 |     4 |     4 |     4 ||    13
  Eat: Chunk             |     3 |     6 |    14 |    12 ||    35
       Ration            |       |       |       |     5 ||     5
Armor: Robe              |    63 |       |       |       ||    63
       Leather armour    |     5 |    43 |   106 |   237 ||   391
Dodge: Dodged            |    90 |    67 |   221 |   436 ||   814
